 Dungeon Crawl Stone Soup version 0.31-a0-152-g6aa68a64a1 (webtiles) character file.

Game seed: 1440041611287967855

350 MacCMillion the Caller (level 6, -1/36 HPs)
             Began as a Tengu Summoner on June 9, 2023.
             Slain by a river rat (7 damage)
             ... in a sewer.
             The game lasted 00:16:08 (3765 turns).

MacCMillion the Caller (Tengu Summoner)             Turns: 3765, Time: 00:16:09

Health: -1/36      AC:  2    Str:  8    XL:     6   Next: 61%
Magic:  3/11       EV: 16    Int: 17    God:
Gold:   140        SH:  0    Dex: 15    Spells: 5/11 levels left

rFire   . . .        r - +2 spear (flame)
rCold   . . .        (no shield)
rNeg    . . .        a - +0 robe
rPois   .            (helmet restricted)
rElec   .            (no cloak)
rCorr   .            (no gloves)
SInv    .            (boots unavailable)
Will    .....        (no amulet)
Stlth   ++           (no ring)
HPRegen 0.26/turn    (no ring)
MPRegen 0.12/turn

%: no passive effects
@: flying quickly and evasively, quick
A: beak, talons 3, nimble flight
a: no special abilities


You were in a sewer.
You visited 1 branch of the dungeon, and saw 4 of its levels.
You also visited: Sewer.

You collected 140 gold pieces.

Inventory:

Hand Weapons
 d - a +0 dagger
 r - a +2 spear of flaming (weapon)
Armour
 a - a +0 robe (worn)
Jewellery
 n - a ring of protection from fire
Scrolls
 c - 2 scrolls of fear
 f - a scroll of vulnerability {unknown}
 h - a scroll of teleportation {unknown}
 i - a scroll of noise {unknown}
 j - a scroll of amnesia {unknown}
 k - a scroll of magic mapping {unknown}
 l - a scroll of enchant armour {unknown}
 p - a scroll of torment {unknown}
 q - a scroll of brand weapon {unknown}
 s - a scroll of fog {unknown}
Potions
 b - a potion of magic
 e - a potion of lignification
 g - 3 potions of curing
 m - 2 potions of degeneration
 o - 6 potions of enlightenment
 t - a potion of ambrosia {unknown}
 u - 2 potions of brilliance
 v - 2 potions of heal wounds {unknown}
 w - a potion of berserk rage {unknown}


   Skills:
 + Level 2.4 Fighting
 + Level 4.0 Dodging
 - Level 2.3 Stealth
 - Level 3.0 Spellcasting
 - Level 7.0 Summonings


You had 5 spell levels left.
You knew the following spells:

 Your Spells              Type           Power      Damage    Failure   Level
a - Summon Small Mammal   Summ           100%       N/A       1%          1
b - Call Imp              Summ           52%        N/A       1%          2
c - Call Canine Familiar  Summ           26%        N/A       3%          3

Your spell library contained the following spells:

 Spells                   Type           Power      Damage    Failure   Level
 Summon Guardian Golem    Hex/Summ       14%        N/A       12%         3
 Apportation              Tloc           4%         N/A       17%         1
 Necrotise                Necr           8%         1d4       17%         1
 Ensorcelled Hibernation  Hex/Ice        4%         N/A       26%         2
 Passwall                 Tmut/Erth      1%         N/A       26%         2
 Summon Lightning Spire   Summ/Air       14%        N/A       38%         4
 Swiftness                Air            2%         N/A       45%         3


Dungeon Overview and Level Annotations

Branches:
Dungeon (4/15)              Sewer (1/1)
 Temple: D:4-7

Altars:


Innate Abilities, Weirdness & Mutations

You have a beak for a mouth.
You have claws for feet.
Your magical nature lets you fly swiftly and evasively.


Message History

Your hound closely misses the river rat.
The river rat closely misses your cerulean imp.
The river rat barely misses you. x2; Your hound bites the river rat.
Your cerulean imp hits the river rat but does no damage.
You hit the river rat. You burn the river rat. Your kick misses the river rat.
Your peck misses the river rat.
The river rat is severely wounded.
Your hound bites the river rat.
The river rat closely misses your cerulean imp.
The river rat closely misses you. The river rat bites you!
* * * LOW HITPOINT WARNING * * *
Your cerulean imp hits the river rat but does no damage.
You closely miss the river rat. Your peck misses the river rat.
The river rat is severely wounded.
Your hound bites the river rat but does no damage.
The river rat bites your cerulean imp! The river rat barely misses you.
The river rat closely misses your hound.
Your hound bites the river rat but does no damage.
Your cerulean imp barely misses the river rat.
You hit the river rat but do no damage. Your peck misses the river rat.
The river rat is severely wounded.
Your hound barely misses the river rat.
The river rat closely misses your cerulean imp.
The river rat bites you.
* * * LOW HITPOINT WARNING * * *
The river rat barely misses your hound.
Your cerulean imp barely misses the river rat.
Your hound bites the river rat.
The river rat bites your cerulean imp.
Your cerulean imp dies!
Your cerulean imp disappears in a puff of smoke!
The river rat barely misses something.
You hit the river rat but do no damage.
You peck the river rat, but do no damage.
The river rat is severely wounded.
The river rat bites something but does no damage.
Casting: Call Imp (safe; 1% risk of failure)
Confirm with . or Enter, or press ? or * to list all spells.
The river rat bites you!
You die...

#####################~≈~~..~..###
#~≈~##~~.†..#
#####################~≈.####~†...
~~~~~~~~~~~.~.~~~.~.~~≈~# ###...
≈≈≈≈≈≈≈≈≈≈≈≈≈≈≈≈≈≈≈≈≈.≈.####.....
~~~.~.~~~~~~~.~.~~~~~~≈~##.......
#####################~≈~###.....#
###### #~≈~# ####### #.hr@# #h≈.#
++#####†r#####~≈~#
........r...~~~~.#
.........h.~.~~~.#
++#####†'#####~≈~# #.... #~≈.#
###### #~≈~#
#####################†≈~####
~.~~~.~.~~~~~~~~~.~.~~≈~≈≈≈≈≈


You could see 3 river rats and a friendly hound (summoned).

Vanquished Creatures
  3 river rats
  3 adders
  A dart slug (D:3)
  5 ball pythons
  3 giant cockroaches
  A goblin (D:4)
  2 hobgoblins
  A jackal (Sewer)
  6 quokkas
  5 bats
  2 frilled lizards
  A rat (D:1)
33 creatures vanquished.

Vanquished Creatures (collateral kills)
  A jelly (D:4)
  An orc priest (D:2)
  A sleepcap (D:4)
  An orc wizard (D:2)
  2 adders (D:2)
  3 gnolls (D:2)
  3 river rats
  A worm (D:4)
  6 orcs (D:2)
  4 bats
  4 endoplasms
  2 giant cockroaches
  7 goblins
  5 hobgoblins
  A jackal (Sewer)
  3 quokkas
  6 ball pythons
  6 frilled lizards
  6 kobolds
  8 rats
71 creatures vanquished.

Vanquished Creatures (others)
  A frilled lizard (D:2)
1 creature vanquished.

Grand Total: 105 creatures vanquished

Notes
Turn   | Place    | Note
-------+----------+-------------------------------------------
     0 | D:1      | MacCMillion the Tengu Summoner began the quest for the Orb.
     0 | D:1      | Reached XP level 1. HP: 10/10 MP: 4/4
   223 | D:1      | Reached XP level 2. HP: 15/15 MP: 4/6
   240 | D:1      | Reached skill level 5 in Summonings
   830 | D:2      | Reached XP level 3. HP: 19/19 MP: 4/7
   833 | D:2      | Learned a level 2 spell: Call Imp
   837 | D:2      | Learned a level 3 spell: Call Canine Familiar
   966 | D:2      | Reached XP level 4. HP: 21/24 MP: 9/9
  1230 | D:2      | Reached skill level 6 in Summonings
  1319 | D:2      | Gained mutation: Your magical nature lets you fly swiftly
                  | and evasively. [Tengu growth]
  1319 | D:2      | Reached XP level 5. HP: 20/28 MP: 2/10
  1559 | D:2      | Found a faded altar of an unknown god.
  1786 | D:3      | Reached skill level 7 in Summonings
  2781 | D:4      | Reached skill level 1 in Fighting
  2864 | D:4      | Reached XP level 6. HP: 34/34 MP: 8/11
  2984 | D:4      | HP: 1/35 [river rat (9)]
  3081 | D:4      | Found a glowing drain.
  3122 | Sewer    | Entered a sewer
  3765 | Sewer    | Slain by a river rat

Illustrated notes

Levels and vault maps discovered:
D:1:      evilmike_arrival_fibonacci_small, layout_rooms
D:2:      layout_rooms, hellmonk_ecumenical_altar_heavens_door, st_stairs_14
D:3:      layout_loops_corners, minmay_diced_spiral
D:4:      kennysheep_goblin_castle, layout_loops_cross, portal_sewer_entry_e,
          chequers_serial_rivers_small_3
Sewer:    sewer_fruit_machine

Skill      XL: |  1  2  3  4  5  6 |
---------------+-------------------+-----
Summonings     | 5 6 7 |  7.0
Spellcasting   | 3 |  3.0
Fighting       | 1 2 |  2.4
Dodging        | 3 4 |  4.0
Stealth        | |  2.3

Action                     |  1- 3 |  4- 6 || total
---------------------------+-------+-------++-------
  Melee: Dagger            |     7 |    11 ||    18
         Kick              |     2 |    17 ||    19
         Unarmed           |     1 |       ||     1
         Peck              |     1 |    11 ||    12
         Spear             |       |    84 ||    84
   Cast: Summon Small Mamm |    32 |     5 ||    37
         Call Imp          |     2 |    21 ||    23
         Call Canine Famil |     1 |    24 ||    25
    Use: Scroll            |       |     5 ||     5
   Stab: Sleeping          |       |     4 ||     4
         Distracted        |       |     3 ||     3
 Armour: Robe              |     2 |     5 ||     7
  Dodge: Dodged            |     9 |    80 ||    89

Table legend: (Time is in decaauts)
 A = Elapsed time spent in this place.
 B = Non-inter-level travel time spent in this place.
 C = Inter-level travel time spent in this place.
 D = Time resting spent in this place.
 E = Time spent auto-exploring this place.
 F = Levels seen in this place.
 G = Mean time per level.
                   A        B        C        D        E       F      G
               +--------+--------+--------+--------+--------+-----+--------+
         Total |   3625 |   3489 |    136 |    432 |   1694 |   5 |  725.0 |
       Dungeon |   2999 |   2863 |    136 |    268 |   1369 |   4 |  749.8 |
         Sewer |    625 |    625 |      0 |    164 |    325 |   1 |  625.0 |
               +--------+--------+--------+--------+--------+-----+--------+

Top non-repeatable levels by time:
     D:3: 852 daAuts
     D:1: 851 daAuts
     D:2: 747 daAuts
   Sewer: 625 daAuts
     D:4: 547 daAuts
